 Dungeon Crawl Stone Soup version 0.31-a0-210-gccc998df9b (webtiles) character file.

Game seed: 7251575534410820848

182 qw the Shooter (level 5, 0/45 HPs)
             Began as a Minotaur Hexslinger on June 29, 2023.
             Slain by an orc wizard
             ... wielding a +0 dagger
              (3 damage)
             ... on level 4 of the Dungeon.
             The game lasted 00:01:05 (2843 turns).

qw the Shooter (Minotaur Hexslinger)                Turns: 2843, Time: 00:01:05

Health: 0/45       AC:  6    Str: 13    XL:     5   Next: 34%
Magic:  5/5        EV: 11    Int: 10    God:
Gold:   62         SH:  0    Dex: 14    Spells: 5/6 levels left

rFire   . . .        Y - +1 sling
rCold   . . .        (no shield)
rNeg    . . .        b - +0 ring mail
rPois   .            (helmet restricted)
rElec   .            (no cloak)
rCorr   .            d - +0 pair of gloves
SInv    .            (no boots)
Will    .....        i - amulet of the acrobat
Stlth   +            (no ring)
HPRegen 0.27/turn    (no ring)
MPRegen 0.09/turn

%: acrobat
@: no status effects
A: horns 2, retaliatory headbutt
a: no special abilities


You were on level 4 of the Dungeon.
You visited 1 branch of the dungeon, and saw 4 of its levels.

You collected 154 gold pieces.
You spent 92 gold pieces at shops.


Innate Abilities, Weirdness & Mutations

You have a pair of horns on your head.
You reflexively headbutt those who attack you in melee.


   Skills:
 - Level 3.5 Fighting
 + Level 5.1 Ranged Weapons
 - Level 1.2 Armour
 - Level 2.1 Dodging
 - Level 1.0 Spellcasting
 - Level 2.0 Hexes


You had 5 spell levels left.
You knew the following spells:

 Your Spells              Type           Power      Damage    Failure   Level
a - Slow                  Hex            16%        N/A       32%         1

Your spell library contained the following spells:

 Spells                   Type           Power      Damage    Failure   Level
 Inner Flame              Hex/Fire       2%         N/A       82%         3
 Portal Projectile        Hex/Tloc       4%         N/A       82%         3
 Cause Fear               Hex            2%         N/A       97%         4

Inventory:

Hand Weapons
 Y - a +1 sling (weapon)
Armour
 b - a +0 ring mail (worn)
 d - a +0 pair of gloves (worn)
Jewellery
 e - a ring of protection from cold
 i - an amulet of the acrobat (around neck)
Scrolls
 g - a scroll of teleportation
 h - a scroll of identify
Potions
 a - a potion of heal wounds {unknown}
 c - a potion of might {unknown}
 f - 3 potions of curing

Dungeon Overview and Level Annotations

Branches:
Dungeon (4/15)
 Temple: D:4-7

Altars:

Shops:
D:3 *

Annotations:
D:3 3 runed translucent doors, qw's ghost, amateur DEHu; qw's ghost, weakling DEHu


Message History

Something hits you but does no damage.
You shoot a sling bullet. Something hits you.
You shoot a sling bullet. Something hits you but does no damage.
Something hits you.
You shoot a sling bullet. Something hits you but does no damage.
You shoot a sling bullet. Something barely misses you.
You shoot a sling bullet.
You feel less confused. Something hits you but does no damage.
You shoot a sling bullet. Something hits you but does no damage.
You hear some strange, mumbled words.
A puff of flame appears from out of thin air!
The puff of flame hits you!
You shoot a sling bullet. Something hits you but does no damage.
You shoot a sling bullet.
You hear some strange, mumbled words.
A magic dart appears from out of thin air!
The magic dart hits you.
You shoot a sling bullet.
You hear some strange, mumbled words.
A magic dart appears from out of thin air!
The magic dart hits you.
You shoot a sling bullet. Something hits you.
You hear some strange, mumbled words.
Something tries to affect you, but you resist.
You shoot a sling bullet. Something hits you.
You shoot a sling bullet.
You hear some strange, mumbled words.
A magic dart appears from out of thin air!
The magic dart hits you.
You shoot a sling bullet. Something hits you.
You die...

#.#..####.....
##....#..#.....
#....<>.....#..
##.#.##........
###.....###......
##.#..#..# #......
#....##..# #......
#.....#.........#.
#@{......#........
##).#.............
..............#..
....#..>......##+#
.....#.........#...
#.............#+#...
...#........ #.....
##.##.... ... ###...
+...


There were no monsters in sight!

Vanquished Creatures
  A hound (D:4)
  A jelly (D:4)
  3 gnolls (D:3)
  3 adders (D:2)
  A worm (D:3)
  4 orcs (D:4)
  5 ball pythons
  8 endoplasms
  5 giant cockroaches
  6 goblins
  7 hobgoblins
  5 kobolds
  2 quokkas
  4 bats
  4 frilled lizards
  5 rats
64 creatures vanquished.

Notes
Turn   | Place    | Note
-------+----------+-------------------------------------------
     0 | D:1      | qw the Minotaur Hexslinger began the quest for the Orb.
     0 | D:1      | Reached XP level 1. HP: 16/16 MP: 1/1
     0 | D:1      | 0 ||| qw: Version: 0.3-a-24-ga2abf7b
     0 | D:1      | 0 ||| qw: Game counter: 6749
     0 | D:1      | 0 ||| qw: Melee chars always use a shield: true
     0 | D:1      | 0 ||| qw: God list: Okawaru
     0 | D:1      | 0 ||| qw: Allow faded altars: false
     0 | D:1      | 0 ||| qw: Do Orc after clearing Dungeon:15 true
     0 | D:1      | 0 ||| qw: Do second Lair branch before Depths: true
     0 | D:1      | 0 ||| qw: Lair rune preference: random
     0 | D:1      | 0 ||| qw: Goals: Normal
     0 | D:1      | 0 ||| PLANNING D:1-11
    75 | D:1      | Reached skill level 3 in Ranged Weapons
    86 | D:1      | Reached XP level 2. HP: 23/23 MP: 2/2
   737 | D:1      | 737 ||| UPGRADING to +0 leather armour.
   747 | D:1      | 747 ||| DROPPING +0 robe.
   748 | D:1      | 748 ||| READING scroll labelled AHACLU KETUETT.
   749 | D:1      | 749 ||| READING scroll labelled QOFROMM IKIUM.
   750 | D:1      | 750 ||| DROPPING scroll of poison.
   779 | D:2      | Reached XP level 3. HP: 29/29 MP: 3/3
   883 | D:2      | Reached skill level 4 in Ranged Weapons
  1075 | D:2      | Identified the +7 hand axe of Uwnom {venom, *Noise Fly
                  | rPois rN+}
  1325 | D:2      | 1325 ||| UPGRADING to +0 pair of gloves.
  1330 | D:2      | 1330 ||| READING scroll labelled LENIVI HEWUNOU.
  1331 | D:2      | 1331 ||| READING scroll labelled GEON JONOA.
  1332 | D:2      | 1332 ||| DRINKING 2 lumpy blue potions.
  1333 | D:2      | 1333 ||| DROPPING potion of brilliance.
  1456 | D:3      | Reached XP level 4. HP: 34/36 MP: 4/4
  1749 | D:3      | 1749 ||| FLEEEEING.
  1750 | D:3      | 1750 ||| FLEEEEING.
  1751 | D:3      | 1751 ||| FLEEEEING.
  1752 | D:3      | 1752 ||| FLEEEEING.
  1753 | D:3      | 1753 ||| FLEEEEING.
  1754 | D:3      | 1754 ||| FLEEEEING.
  1755 | D:3      | 1755 ||| FLEEEEING.
  1756 | D:3      | 1756 ||| FLEEEEING.
  1757 | D:3      | 1757 ||| FLEEEEING.
  1758 | D:3      | 1758 ||| FLEEEEING.
  1759 | D:3      | 1759 ||| FLEEEEING.
  1760 | D:3      | 1760 ||| FLEEEEING.
  1761 | D:3      | 1761 ||| FLEEEEING.
  1762 | D:3      | 1762 ||| FLEEEEING.
  1763 | D:3      | 1763 ||| FLEEEEING.
  1764 | D:3      | 1764 ||| FLEEEEING.
  1765 | D:3      | 1765 ||| STAIRDANCE
  1783 | D:2      | 1783 ||| UPGRADING to +0 ring mail.
  1793 | D:2      | 1793 ||| DROPPING +0 leather armour.
  1794 | D:2      | 1794 ||| UPGRADING to amulet of the acrobat.
  1799 | D:2      | 1799 ||| READING 2 scrolls labelled ROINKI KAFAUX.
  1803 | D:2      | 1803 ||| READING scroll labelled ZIT DOTYGOGHUUMO.
  1804 | D:2      | 1804 ||| DRINKING 2 smoky dark potions.
  1903 | D:3      | Found Lanampiv's Assorted Antiques.
  1911 | D:3      | 1911 ||| BUYING potion of curing (69 gold).
  1911 | D:3      | Bought a potion of curing for 69 gold pieces
  1911 | D:3      | 1911 ||| BUYING scroll labelled WORCHA XEMAHOU (23 gold).
  1911 | D:3      | Bought a scroll labelled WORCHA XEMAHOU for 23 gold pieces
  2025 | D:3      | Found a runed translucent gate.
  2025 | D:3      | Found a runed translucent gate.
  2025 | D:3      | Found a runed translucent gate.
  2026 | D:3      | Noticed qw's ghost (weakling DEHu)
  2027 | D:3      | Noticed qw's ghost (amateur DEHu)
  2133 | D:3      | Reached skill level 1 in Armour
  2138 | D:3      | Reached skill level 5 in Ranged Weapons
  2546 | D:3      | 2546 ||| READING scroll labelled WORCHA XEMAHOU.
  2582 | D:4      | Reached XP level 5. HP: 40/44 MP: 5/5
  2680 | D:4      | Reached skill level 3 in Fighting
  2807 | D:4      | 2807 ||| Stepping ~*~*~tactically~*~*~ (outnumbered).
  2840 | D:4      | HP: 10/45 [something (2)]
  2842 | D:4      | HP: 3/45 [something/magic dart (6)]
  2843 | D:4      | Slain by an orc wizard

Levels and vault maps discovered:
D:1:      giann_bridges, layout_basic
D:2:      layout_basic
D:3:      layout_loops_corners, serial_shops, nicolae_lakefront_shop,
          gammafunk_ghost_cemetery
D:4:      nicolae_cairo_tiling_large, layout_cave_pools

Skill      XL: |  1  2  3  4  5 |
---------------+----------------+-----
Ranged Weapons | 3 4 5 |  5.1
Fighting       | 2 3 |  3.5
Armour         | 1 |  1.2
Dodging        | |  2.1
Spellcasting   | |  1.0
Hexes          | |  2.0

Action                     |  1- 3 |  4- 6 || total
---------------------------+-------+-------++-------
   Fire: Sling             |   119 |   119 ||   238
    Use: Scroll            |     4 |     3 ||     7
         Potion            |     1 |     1 ||     2
 Armour: Robe              |     6 |       ||     6
         Leather armour    |     6 |     5 ||    11
         Ring mail         |       |    25 ||    25
  Dodge: Dodged            |    31 |    31 ||    62

Table legend:
 A = Non-vault XP
 B = Vault XP
 C = Vault XP percentage of total XP
 D = Non-vault monster count
 E = Vault monster count
 F = Vault count percentage of total count
                 A         B        C        D         E       F
            +---------+---------+-------+---------+---------+-------
      Total |     260 |       0 |   0.0 |      64 |       0 |   0.0
            +---------+---------+-------+---------+---------+-------
        D:1 |      37 |       0 |   0.0 |      23 |       0 |   0.0
        D:2 |      54 |       0 |   0.0 |      12 |       0 |   0.0
        D:3 |      74 |       0 |   0.0 |      21 |       0 |   0.0
        D:4 |      95 |       0 |   0.0 |       8 |       0 |   0.0
            +---------+---------+-------+---------+---------+-------
